AoeStats
← jgmolina20

Baltic

510420833Analyzed
3v3 RM · 11h ago on Sep 30, 2026· 21m 7s· 6 players
Game mode
Random Map
Map size
Normal (6 player)
Population
200
Speed
Normal
Resources
Standard
Victory
Conquest
Starting age
Dark Age
Ending age
Imperial Age
RankedLock teamsTeams togetherTeam positionsShared explorationLock speedFull tech treeHidden civsTurbo modeCheats
Victory
Defeat
🇺🇸 Cumans · United States
888
+9
🇨🇴 Goths · Colombia
866
+10
🇨🇴 Persians · Colombia
804
+12
🇮🇪 Portuguese · Ireland
754
-11
720
-10
🇵🇪 Turks · Peru
720
-10
YaLittle-
13:36 Feudal Age
14:03 Horse Collar
14:12 Double-Bit Axe
16:07 Fishing Lines
19:07 Wheelbarrow
20:07 Fletching
ZzzzzzCamilaVuelvePorfavor
6:59 Loom
11:44 Feudal Age
12:20 Town Watch
12:40 Double-Bit Axe
12:37 Horse Collar
16:59 Wheelbarrow
21:55 Castle Age
akarisialo
10:28 Feudal Age
11:47 Double-Bit Axe
rojasfelix253
0:30 Loom
11:08 Feudal Age
17:05 Man-at-Arms
jgmolina20
11:19 Feudal Age
14:18 Loom
17:00 Forging
17:06 Bloodlines
23:20 Castle Age
Black
2:43 Loom
12:19 Feudal Age
13:27 Man-at-Arms
15:58 Horse Collar
19:56 Double-Bit Axe
21:03 Forging
21:41 Scale Mail Armor
Connection lost

Rejoining the realm…

Still unreachable

The connection could not be restored.

Session expired

The server has moved on; the page needs a fresh start.